Map: [ESL] Altitude

Players

Aristori - Winner!

  • Race: Zerg Zerg
  • Spawn Location: 1:00

MarsBar

  • Race: Zerg Zerg
  • Spawn Location: 7:00

Event: ESL SC2 Masters 2023 Summer (Finals)

VOD

Have the link to the VOD?

Description

Time

  • Played on: June 16, 2023, 4:51 a.m.
  • Length: 8:09

All games in this series

Show
View Real Time Build Order
Export as new Build Order

Aristori Zerg - Winner!

Build Orders: Pool First 

Get SALT Encoding   

  12  0:00  Drone  
  13  0:12  Overlord  
  13  0:21  Drone  
  14  0:31  Drone  
  14  0:32  Drone  
  14  0:34  Drone  
  17  0:45  Spawning Pool  
  17  0:49  Drone  
  17  1:09  Hatchery  
  16  1:15  Overlord  
  16  1:32  Zergling x6  
  19  1:35  Queen  
  21  1:45  Drone  
  22  2:03  Drone  
  23  2:11  Queen  
  23  2:15  Drone  
  26  2:20  Queen  
  28  2:23  Drone x2  
  29  2:37  Spine Crawler  
  29  2:39  Drone  
  29  2:41  Overlord  
  29  2:42  Drone  
  29  2:44  Zergling x4  
  29  2:46  Queen  
  29  2:50  Zergling x4  
  35  2:55  Overlord  
  35  3:02  Zergling x4  
  36  3:09  Queen  
  38  3:18  Drone  
  38  3:19  Drone x4  
  43  3:22  Extractor  
  42  3:32  Drone x5  
  47  3:40  Overlord  
  47  3:47  Drone x3  
  47  3:59  Drone x4  
  46  4:10  Drone x5  
  46  4:15  Spine Crawler, Zergling x2  
  51  4:23  Zergling x2  
  51  4:34  Roach Warren  
  51  4:35  Extractor, Zergling x2  
  51  4:36  Zergling x8  
  53  4:47  Zergling x2  
  53  4:48  Zergling x2  
  53  4:52  Spine Crawler  
  54  4:56  Queen  
  56  5:03  Overlord  
  56  5:04  Overlord  
  55  5:10  Extractor  
  54  5:18  Drone x5, Evolution Chamber  
  54  5:19  Evolution Chamber  
  58  5:33  Evolution Chamber  
  58  5:35  Extractor  
  53  5:38  Lair  
  53  5:41  Roach x6  
  61  5:46  Zerg Missile Weapons Level 1  
  60  5:58  Zerg Ground Armor Level 1  
  60  6:03  Roach x3  
  66  6:07  Overlord x2  
  67  6:11  Drone x3  
  67  6:12  Drone  
  67  6:14  Drone  
  71  6:36  Hatchery  
  70  6:40  Glial Reconstitution  
  70  6:49  Roach x6  
  82  7:02  Hatchery  
  81  7:10  Roach x4  
  89  7:20  Roach, Hatchery  
  91  7:27  Drone  
  92  7:30  Overlord  
  92  7:38  Overlord  
  92  7:44  Overlord x2  
  92  7:49  Roach x4  
Show
View Real Time Build Order
Export as new Build Order

MarsBar Zerg 

Build Orders: Hatch First 

Get SALT Encoding   

  12  0:00  Drone  
  13  0:14  Drone  
  13  0:18  Extractor, Drone  
  15  0:38  Hatchery  
  14  0:45  Overlord  
  14  0:58  Extractor, Drone  
  14  1:07  Spawning Pool  
  13  1:11  Drone  
  13  1:15  Drone  
  15  1:31  Drone  
  16  1:54  Zergling x4  
  16  1:55  Zergling x4  
  16  1:56  Queen  
  16  2:01  Metabolic Boost  
  22  2:07  Zergling x2  
  22  2:08  Zergling x2  
  24  2:14  Zergling x2  
  25  2:19  Zergling x2  
  26  2:25  Overlord  
  24  2:39  Zergling x6  
  27  2:55  Zergling x2  
  27  3:04  Overlord  
  27  3:07  Overlord  
  27  3:22  Zergling x4  
  27  3:23  Zergling x12  
  35  3:40  Zergling x4  
  34  3:53  Zergling x12  
  36  4:03  Zergling x2  
  36  4:04  Zergling x2  
  28  4:17  Zergling x4  
  30  4:28  Zergling x4  
  30  4:39  Zergling x4  
  25  4:56  Drone x5  
  27  5:08  Roach Warren  
  27  5:11  Zergling x6  
  29  5:19  Zergling x4  
  29  5:35  Drone  
  29  5:36  Drone x3  
  33  5:44  Drone  
  33  5:46  Drone  
  33  5:48  Lair  
  35  5:53  Extractor  
  34  6:01  Drone x2  
  34  6:03  Overlord  
  35  6:04  Overlord  
  35  6:14  Overlord  
  35  6:15  Overlord  
  35  6:30  Roach x5  
  45  6:39  Roach x2  
  48  6:45  Roach  
  50  6:53  Queen  
  52  6:55  Roach x2  
  52  6:59  Roach  
  65  7:15  Roach x4  
  65  7:42  Roach  
  65  7:44  Overlord x4  
Tags
 
Add a new tag
Caveats
  • Supply blocks, unpowered buildings, or Contaminate may cause inaccurate times.
  • Supply counts are checked every 10 seconds.